 Dungeon Crawl Stone Soup version 0.25.0-37-gb73750e0fb (webtiles) character file.

Game seed: 14128515313533288093

4517 ANON1729 the Fighter (level 10, -2/80 (82) HPs)
             Began as a Formicid Abyssal Knight on July 9, 2020.
             Was an Elder of Lugonu.
             Slain by a manticore (13 damage)
             ... on level 9 of the Dungeon.
             The game lasted 00:11:46 (8116 turns).

ANON1729 the Fighter (Formicid Abyssal Knight)      Turns: 8116, Time: 00:11:47

HP:   -2/80 (82)    AC:  9    Str: 19    XL:     10   Next: 66%
MP:   16/16         EV: 10    Int:  9    God:    Lugonu [****..]
Gold: 449           SH:  0    Dex: 10    Spells: 9/9 levels left

rFire    . . .     SeeInvis +   e - +9 battleaxe of Disaster {flame, rC+}
rCold    + . .     Gourm    .   (no shield)
rNeg     . . .     Faith    .   J - +0 chain mail {rPois}
rPois    +         Spirit   .   (helmet unavailable)
rElec    .         Reflect  .   v - +0 cloak (curse)
rCorr    .         Harm     .   (no gloves)
MR       +....                  I - +0 pair of boots
Stlth    ..........             (no amulet)
HPRegen  0.23/turn              x - -4 ring of intelligence (curse)
MPRegen  0.15/turn              G - +4 ring of slaying

@: barbed spikes, corroded
A: permanent stasis, dig shafts and tunnels, four strong arms, antennae 3
a: Dig, Shaft Self, Depart the Abyss, Bend Space, Banish, Corrupt, Renounce
Religion


You were on level 9 of the Dungeon.
You worshipped Lugonu.
Lugonu was greatly pleased with you.
You were not hungry.

You visited 1 branch of the dungeon, and saw 9 of its levels.
You visited the Abyss 1 time.

You collected 449 gold pieces.

Inventory:

Hand Weapons
 a - a +1 short sword
 e - the +9 battleaxe of Disaster (weapon) {flame, rC+}
   (You found it on level 2 of the Abyss)

   It has been specially enchanted to burn those struck by it, causing extra
   injury to most foes and up to half again as much damage against particularly
   susceptible opponents.
   Big, fiery blades are also staple armaments of hydra-hunters.
   It protects you from cold.
Armour
 b - a +0 leather armour
 g - a +0 leather armour of magic resistance
 v - a cursed +0 cloak (worn)
 z - a +0 pair of gloves
 I - a +0 pair of boots (worn)
 J - a +0 chain mail of poison resistance (worn)
Jewellery
 o - an uncursed ring of fire {unknown}
 x - a cursed -4 ring of intelligence (left hand)
 D - an uncursed ring of flight
 G - a +4 ring of slaying (right hand)
Wands
 q - a wand of flame (15)
 w - a wand of clouds (5)
 C - a wand of digging (4)
 K - a wand of enslavement (10)
 M - a wand of random effects (20)
Scrolls
 d - a scroll of fear {unknown}
 j - a scroll of enchant weapon {unknown}
 l - a scroll of enchant armour {unknown}
 m - 2 scrolls of immolation
 n - 5 scrolls of identify
 s - 4 scrolls of amnesia
 u - 2 scrolls of blinking {unknown}
 y - 6 scrolls of remove curse
Potions
 f - 4 potions of curing
 h - a potion of experience {unknown}
 i - 4 potions of lignification {unknown}
 k - 2 potions of mutation {unknown}
 p - 4 potions of heal wounds {unknown}
 r - 3 potions of might {unknown}
 t - 2 potions of invisibility {unknown}
 A - a potion of flight {unknown}
 B - a potion of resistance {unknown}
 E - 2 potions of ambrosia {unknown}
 F - 2 potions of stabbing {unknown}
 H - a potion of cancellation {unknown}
 L - a potion of brilliance {unknown}
Comestibles
 c - 21 rations
 N - a chunk of flesh


   Skills:
 * Level 8.6 Fighting
 - Level 2.1 Short Blades
 + Level 6.2 Axes
 + Level 7.4 Armour
 + Level 5.9 Dodging
 + Level 8.1 Invocations


You had 9 spell levels left.
You didn't know any spells.
Your spell library was empty.

Dungeon Overview and Level Annotations

Branches:
Dungeon (9/15)             Temple (0/1) D:4
   Lair: D:8-11         Orc: D:9-12

Altars:
Ashenzari
Dithmenos
Fedhas
Kikubaaqudgha
Makhleb
Okawaru
Qazlal
Uskayaw
Vehumet
Wu Jian
Xom
Yredelemnul
The Shining One

Annotations:
D:3 2 transporters


Innate Abilities, Weirdness & Mutations

You cannot be hasted, slowed, berserked, paralysed or teleported.
You can dig through walls and to a lower floor.
Your four strong arms can wield two-handed weapons with a shield.
You have a pair of large antennae on your head. (SInv)


Message History

You kill the jelly!
Lugonu accepts your kill.
The manticore flicks its tail.
The volley of spikes hits you.
The barbed spikes become lodged in your body.
* * * LOW HITPOINT WARNING * * *
You hit the manticore. You burn the manticore.
The manticore is lightly wounded.
The manticore barely misses you. The manticore claws you.
* * * LOW HITPOINT WARNING * * *
The manticore misses you.
You hit the manticore. You burn the manticore.
The manticore is lightly wounded.
The manticore closely misses you. The manticore claws you.
* * * LOW HITPOINT WARNING * * *
The manticore barely misses you.
You slash the manticore! You burn the manticore.
The manticore is heavily wounded.
The manticore bites you!
You die...

# #...# # #...# .... #
#...# ###### .... # #...#
###≈≈≈≈# ..... # #...#
#.'.)..# ..... # #...#
#.#÷#..#......
###...######.######......
.............#####.......
####............@H.......
#.####................
#.# #...#####.#####.. #.#
#...# #.# #.# #...# #.#
#.# #...# #.# #.# #...#
#.# ####.# #...# #.#
.....####...#


You could see a manticore.

Vanquished Creatures
  Maggie (D:8)
  A merfolk (D:9)
  Prince Ribbit (D:6)
  A hippogriff (D:8)
  5 yaks
  Grum (D:7)
  An acid dragon (D:9)
  A phantom (D:6)
  2 sky beasts
  A black bear (D:8)
  3 necrophages
  An orc warrior (D:8)
  3 ogres
  4 wolves
  A big kobold (D:8)
  2 bullfrogs (D:7)
  A scorpion (D:5)
  4 wights
  A howler monkey (D:7)
  3 crimson imps
  2 centaur zombies
  4 orc priests
  A hound (D:5)
  2 bullfrog skeletons
  A centaur skeleton (D:9)
  5 jellies
  3 orc wizards (D:8)
  2 iguanas
  2 worker ants
  A hound zombie (D:5)
  2 worker ant zombies
  A gnoll (D:3)
  6 adders
  A shadow imp (D:7)
  An adder skeleton (D:4)
  2 worms (D:2)
  A dart slug (D:5)
  8 leopard geckos
  28 orcs
  3 giant cockroaches
  14 goblins
  5 hobgoblins
  4 jackals (D:2)
  9 kobolds
  5 quokkas
  A ball python (D:5)
  5 bats
  4 frilled lizards
  2 leopard gecko skeletons
  A quokka skeleton (D:5)
  7 rats
  A plant (D:1)
172 creatures vanquished.

Notes
Turn   | Place    | Note
-------+----------+-------------------------------------------
     0 | Abyss:1  | ANON1729 the Formicid Abyssal Knight began the quest for
                  | the Orb.
     0 | Abyss:1  | Reached XP level 1. HP: 18/18 MP: 2/2
    19 | Abyss:2  | Got an ichor-stained battleaxe
    20 | Abyss:2  | Identified the +9 battleaxe of Disaster {flame, rC+} (You
                  | found it on level 2 of the Abyss)
    36 | Abyss:2  | Noticed a bone dragon
    75 | Abyss:2  | Noticed a large abomination
    76 | Abyss:2  | Noticed a spatial vortex
    77 | Abyss:2  | Noticed a shadow dragon simulacrum
    78 | Abyss:2  | Noticed a wretched star
    80 | Abyss:2  | Noticed a spatial vortex
    80 | D:1      | Escaped the Abyss
   397 | D:1      | Reached skill level 1 in Dodging
   437 | D:1      | Reached XP level 2. HP: 21/24 MP: 3/3
   551 | D:1      | Reached * piety under Lugonu
   995 | D:1      | Reached XP level 3. HP: 24/29 MP: 4/4
  1523 | D:2      | Reached ** piety under Lugonu
  1523 | D:2      | Reached XP level 4. HP: 32/37 MP: 6/6
  1705 | D:2      | Reached skill level 1 in Axes
  1857 | D:2      | Found a shattered altar of Ashenzari.
  2280 | D:3      | Found a stormy altar of Qazlal.
  2374 | D:3      | Found a basalt altar of Yredelemnul.
  2379 | D:3      | Noticed a bullfrog
  2383 | D:3      | Noticed a black bear
  2388 | D:3      | Found a transporter.
  2398 | D:3      | Found a transporter.
  2537 | D:3      | Found a burning altar of Makhleb.
  2537 | D:3      | Noticed a cacodemon
  2553 | D:3      | Noticed an orange demon
  2553 | D:3      | Noticed a hellwing
  2882 | D:4      | Reached XP level 5. HP: 34/42 MP: 7/7
  3449 | D:4      | Found a staircase to the Ecumenical Temple.
  3478 | D:4      | Found an ornate altar of the Wu Jian Council.
  3804 | D:5      | Entered Level 5 of the Dungeon
  3939 | D:5      | Noticed an ogre
  3943 | D:5      | Killed an ogre
  3943 | D:5      | Reached XP level 6. HP: 24/49 MP: 8/8
  4178 | D:5      | Reached XP level 7. HP: 42/55 MP: 10/10
  4279 | D:5      | Found an iron altar of Okawaru.
  4931 | D:6      | Reached skill level 5 in Fighting
  4934 | D:6      | Reached *** piety under Lugonu
  5079 | D:6      | Reached XP level 8. HP: 57/62 MP: 11/11
  5193 | D:6      | Noticed Prince Ribbit
  5198 | D:6      | Killed Prince Ribbit
  5198 | D:6      | Reached skill level 5 in Invocations
  5276 | D:6      | Found an ancient bone altar of Kikubaaqudgha.
  5281 | D:6      | Found a radiant altar of Vehumet.
  5284 | D:6      | Found a blossoming altar of Fedhas.
  5287 | D:6      | Found a shadowy altar of Dithmenos.
  5369 | D:6      | Reached skill level 5 in Armour
  5994 | D:7      | Found a hide-covered altar of Uskayaw.
  6407 | D:8      | Reached XP level 9. HP: 69/69 MP: 13/13
  6429 | D:8      | Noticed Grum
  6666 | D:7      | Killed Grum
  6885 | D:8      | Noticed a hippogriff
  6886 | D:8      | Reached skill level 5 in Axes
  6895 | D:8      | Killed a hippogriff
  6895 | D:8      | Reached **** piety under Lugonu
  6895 | D:8      | Reached skill level 5 in Dodging
  7270 | D:8      | Found a glowing golden altar of the Shining One.
  7362 | D:8      | Found a shimmering altar of Xom.
  7375 | D:8      | Noticed Maggie
  7383 | D:8      | Killed Maggie
  7383 | D:8      | Reached XP level 10. HP: 73/79 MP: 15/15
  8108 | D:9      | Noticed a manticore
  8116 | D:9      | Slain by a manticore

Illustrated notes

Levels and vault maps discovered:
D:1:      mushboom_english_gardens, layout_loops_ring, serial_bayou_ford_a
D:2:      layout_basic, nicolae_ashenzari_panopticon, first_ration
D:3:      layout_loops_cross, makhleb_altar_promises_db,
          gammafunk_temple_overflow_arena, grunt_qazlal_sundering
D:4:      layout_cave_pods, lemuel_round_altar, minmay_temple_entry_crystal_x
D:5:      layout_gridville, minivault_1, okawaru_trees_1
D:6:      layout_basic, grunt_temple_overflow_cloverleaf, uniq_prince_ribbit1
D:7:      layout_rooms, eat_drink_and_be_merry_uskayaw, serial_glass,
          glass_columns_b, glass_columns_b
D:8:      layout_rooms, nicolae_tso_swordbearing_angel, xom_butterflies,
          uniq_grum, uniq_maggie
D:9:      layout_small_grid, serial_undead, serial_undead_e, serial_undead_d,
          serial_undead_e, serial_undead_e, hangedman_fish_farm

Skill      XL: |  1  2  3  4  5  6  7  8  9 10 |
---------------+-------------------------------+-----
Dodging        | 1 2 3 4 5 |  5.9
Invocations    | 3 4 5 7 8 |  8.1
Axes           | 1 2 3 4 5 6 |  6.2
Armour         | 3 4 5 6 7 |  7.4
Fighting       | 4 5 6 7 8 |  8.6
Short Blades   | |  2.1

Action                   |  1- 3 |  4- 6 |  7- 9 | 10-12 || total
-------------------------+-------+-------+-------+-------++-------
Melee: Battleaxe         |    83 |    81 |   131 |    48 ||   343
Invok: Depart the Abyss  |     1 |       |       |       ||     1
  Use: Potion            |       |     1 |       |       ||     1
       Scroll            |       |     4 |     2 |       ||     6
  Eat: Chunk             |     2 |     8 |     7 |     3 ||    20
       Ration            |       |       |     1 |       ||     1
Armor: Leather armour    |    13 |    20 |    16 |       ||    49
       Chain mail        |       |       |    57 |    39 ||    96
Dodge: Dodged            |    55 |    50 |    82 |    36 ||   223
